Map: [ESL] Pride of Altaris

Players

Cure - Winner!

  • Race: Terran Terran

Dream

  • Race: Terran Terran

Event: IEM Katowice 2022

VOD

https://youtu.be/WZqJLdII-ZQ?t=1129

Description

Time

  • Played on: Feb. 24, 2022, 10:03 a.m.
  • Length: 7:10

All games in this series

Show
View Real Time Build Order
Export as new Build Order

Cure Terran - Winner!

Build Orders:  

Get SALT Encoding   

  12  0:00  SCV  
  13  0:12  SCV  
  14  0:16  Supply Depot  
  14  0:24  SCV  
  15  0:38  SCV  
  15  0:40  Barracks  
  16  0:46  Refinery  
  16  0:50  SCV  
  16  0:55  Refinery  
  17  1:02  SCV  
  18  1:14  SCV  
  19  1:27  Reaper, Orbital Command  
  20  1:33  Supply Depot  
  20  1:44  Factory  
  20  1:53  SCV  
  21  2:00  Reaper  
  22  2:05  SCV  
  23  2:17  SCV  
  24  2:25  Command Center  
  26  2:30  Hellion  
  26  2:32  SCV  
  26  2:36  Barracks Reactor  
  27  2:41  Supply Depot  
  27  2:44  SCV  
  28  2:52  Starport  
  28  2:55  Widow Mine  
  30  2:59  SCV  
  31  3:11  SCV  
  31  3:12  Marine x2  
  34  3:16  Factory Tech Lab  
  34  3:20  Refinery  
  34  3:23  SCV  
  35  3:29  Starport Tech Lab  
  37  3:36  Cyclone  
  37  3:37  Orbital Command  
  37  3:38  SCV  
  39  3:42  Marine x2  
  39  3:47  Raven  
  43  3:51  SCV  
  43  3:55  Supply Depot  
  44  4:02  SCV  
  45  4:03  SCV  
  45  4:05  Marine  
  45  4:06  Marine  
  48  4:12  Siege Tank  
  48  4:15  SCV  
  48  4:16  SCV  
  53  4:22  Supply Depot  
  53  4:23  Marine  
  54  4:27  SCV  
  54  4:28  SCV  
  56  4:31  Raven  
  56  4:36  Supply Depot  
  58  4:39  SCV  
  58  4:41  SCV  
  58  4:42  Marine x2  
  58  4:44  Siege Tank  
  65  4:49  Supply Depot  
  65  4:51  SCV  
  66  4:53  SCV  
  66  4:59  Supply Depot  
  67  5:00  Marine x2  
  67  5:03  SCV  
  67  5:05  SCV  
  71  5:15  Raven  
  71  5:16  SCV  
  71  5:17  SCV  
  71  5:20  Marine x2  
  77  5:22  Siege Tank  
  80  5:30  Command Center  
  80  5:32  SCV  
  80  5:33  SCV  
  82  5:40  Refinery  
  82  5:41  Supply Depot  
  82  5:42  Marine x2  
  84  5:46  SCV  
  84  5:47  SCV  
  86  5:51  Supply Depot  
  86  5:54  Siege Tank  
  89  5:58  SCV  
  89  5:59  SCV  
  91  6:10  SCV  
  93  6:11  SCV, Marine  
  93  6:13  Viking x2  
  97  6:22  SCV  
  97  6:23  SCV  
  99  6:26  Siege Tank  
  99  6:29  Marine  
  103  6:34  SCV  
  103  6:35  SCV  
  105  6:41  SCV  
  105  6:42  Barracks  
  105  6:44  Barracks  
  105  6:46  SCV  
  105  6:49  Marine  
  105  6:52  SCV  
Show
View Real Time Build Order
Export as new Build Order

Dream Terran 

Build Orders:  

Get SALT Encoding   

  12  0:00  SCV  
  13  0:12  SCV  
  14  0:17  Supply Depot  
  14  0:24  SCV  
  15  0:38  SCV  
  15  0:39  Barracks  
  15  0:42  Refinery  
  16  0:50  SCV  
  16  0:53  Refinery  
  17  1:02  SCV  
  18  1:15  SCV  
  19  1:25  Reaper  
  19  1:27  Orbital Command  
  19  1:29  Supply Depot  
  20  1:39  Factory  
  20  1:52  SCV  
  21  1:58  Reaper  
  22  2:04  SCV  
  23  2:16  SCV  
  23  2:19  Command Center  
  24  2:25  Hellion  
  24  2:28  SCV  
  27  2:30  Barracks Reactor  
  27  2:35  Supply Depot  
  27  2:40  SCV  
  28  2:48  Factory Tech Lab  
  28  2:49  Starport  
  28  2:52  SCV  
  29  3:04  SCV  
  30  3:06  Cyclone  
  30  3:07  Marine  
  30  3:09  Marine  
  35  3:15  Refinery  
  35  3:17  SCV  
  36  3:25  Starport Tech Lab  
  36  3:28  Marine  
  36  3:29  SCV  
  36  3:31  Orbital Command  
  38  3:35  Marine  
  38  3:41  SCV  
  40  3:43  Raven  
  42  3:51  Marine  
  42  3:53  SCV, Marine  
  42  3:55  Siege Tank  
  48  3:57  SCV  
  48  4:01  Supply Depot  
  49  4:05  SCV  
  49  4:09  SCV  
  51  4:18  SCV  
  51  4:21  SCV  
  51  4:22  Supply Depot  
  53  4:26  Raven  
  53  4:30  SCV  
  56  4:33  SCV  
  56  4:35  Command Center  
  57  4:42  SCV  
  57  4:43  Siege Tank  
  61  4:45  SCV  
  61  4:49  Refinery  
  64  4:54  SCV  
  64  4:58  SCV  
  66  5:01  Supply Depot  
  66  5:02  Supply Depot  
  66  5:06  SCV  
  66  5:09  Raven  
  66  5:10  SCV  
  68  5:16  Barracks  
  68  5:18  SCV  
  69  5:22  SCV  
  69  5:23  Siege Tank  
  69  5:25  Marine x2  
  69  5:27  Supply Depot  
  75  5:30  SCV  
  75  5:34  SCV  
  75  5:35  Supply Depot  
  77  5:41  Barracks  
  77  5:42  SCV  
  76  5:46  SCV  
  76  5:47  Engineering Bay  
  77  5:50  Supply Depot  
  77  5:52  Engineering Bay, Orbital Command  
  77  5:54  SCV  
  78  5:58  SCV  
  83  6:05  Viking  
  83  6:07  Viking  
  83  6:08  Barracks Reactor  
  83  6:09  SCV  
  84  6:16  Marine  
  84  6:17  Orbital Command  
  85  6:20  SCV  
  85  6:21  SCV  
  87  6:27  Siege Tank  
  87  6:29  Barracks Reactor  
  87  6:32  SCV  
  91  6:33  SCV  
  91  6:38  Refinery  
  91  6:39  Refinery  
  92  6:40  Viking  
  92  6:44  SCV  
  92  6:46  SCV  
  98  6:49  SCV, Marine  

Tags
 
Add a new tag
Caveats
  • Supply blocks, unpowered buildings, or Contaminate may cause inaccurate times.
  • Supply counts are checked every 10 seconds.